Americans vs Islander
Created - April 7, 2024 at 22:50
Goals
|
Americans |
0 |
1 |
4 |
0 |
0 |
5 |
Islander |
3 |
1 |
1 |
0 |
1 |
6 |
|
Shots
|
Americans |
5 |
3 |
23 |
1 |
3 |
32 |
Islander |
11 |
9 |
8 |
0 |
2 |
28 |
|
1st period
1. Islander , Rhett Gardner 20 (Nick Blankenburg 29) at 5:07
2. Islander , Ross Colton 12 (Garret Pilon 8, Rhett Gardner 17) at 15:45
3. Islander , Joe Labate 36 (Jordan Greenway 57, Tyrell Goulbourne 28) at 17:51
Penalties :
Alexander Yelesin (BRI) for High sticking (Minor) at 13:30
2nd period
4. Islander , Ben Thomson 22 (Pavel Kraskovsky 34) at 2:49
5. Americans , Jakub Vrana 28 (Joel Eriksson Ek 58) at 2:53
Penalties :
Alex Belzile (BRI) for High sticking (Minor) at 3:27, Borna Rendulic (Roc) for Cross-checking (Minor) at 7:57, Joel Eriksson Ek (Roc) for Hooking (Minor) at 14:21
3rd period
6. Americans , Justin Bailey 16 (Jonas Brodin 33, Joel Eriksson Ek 59) at 2:01
7. Americans , Ryan Fitzgerald 30 (Jonas Brodin 34, Dillon Heatherington 30) at 5:04
8. Islander , Jordan Greenway 51 (Oliver Kylington 53, Joe Labate 49) at 5:18 (PP)
9. Americans , Teemu Pulkkinen 34 (Tanner Richard 28) at 16:56
10. Americans , Tanner Richard 18 (Justin Bailey 19) at 19:29
Penalties :
Oliver Kylington (BRI) for Slashing (Minor) at 2:33, Jakub Vrana (Roc) for Boarding (Minor) at 5:15, Pavel Kraskovsky (BRI) for Hooking (Minor) at 6:50
Overtime #1
No Goal
Penalties :
No Penalty
Shootout
Americans, Justin Bailey - Stopped by Ivan Fedotov
Islander, Jordan Greenway - Stopped by Peyton Jones
Americans, Teemu Pulkkinen - Shot Misses the Net
Islander, Ben Thomson - Goal!
Americans, Tanner Richard - Stopped by Ivan Fedotov
Penalties :
No Penalty
Goalie Stats
Connor Hellebyuk (Roc), 9 saves from 13 shots - (0.692), 22:49 minutes
Peyton Jones (Roc), 14 saves from 15 shots - (0.933), OTL, 2-8-2, 41:36 minutes
Ivan Fedotov (BRI), 27 saves from 32 shots - (0.844), W, 19-13-8, 65:00 minutes
Players Stats for Americans
Player Name G A P +/- PIM S H SB GA TA FO MP PP MP PK MP
------------------------------------------------------------------------------------
Borna Rendulic 0 0 0 -1 2 0 1 1 0 0 0/0 16:39 3:48 0:00
Daniel Sprong 0 0 0 -1 0 0 0 0 1 0 0/0 9:51 0:22 0:42
Dillon Heatherington 0 1 1 2 0 1 0 3 1 0 0/0 28:45 4:28 2:09
Dmitri Semykin 0 0 0 1 0 0 0 1 0 1 0/0 13:14 0:00 0:00
Jakub Vrana 1 0 1 2 2 4 1 0 0 0 1/2 20:32 3:46 0:03
Joel Eriksson Ek 0 2 2 2 2 2 2 1 0 1 12/30 21:55 3:46 0:00
Jonas Brodin 0 2 2 2 0 3 1 1 0 1 0/0 28:50 4:28 2:09
Justin Bailey 1 1 2 3 0 5 2 2 0 0 2/6 24:26 3:46 1:57
Matt Grzelcyk 0 0 0 -1 0 4 2 2 0 0 0/0 21:17 3:28 1:52
Maxim Mamin 0 0 0 -1 0 0 0 0 0 0 0/0 8:30 0:27 0:36
Nathan Noel 0 0 0 -1 0 0 2 1 1 0 0/0 8:54 0:22 1:18
Richard Nejezchleb 0 0 0 1 0 2 0 0 0 0 1/1 11:50 0:00 0:34
Ryan Fitzgerald 1 0 1 0 0 3 1 0 0 0 2/5 12:10 0:00 0:00
Tanner Richard 1 1 2 0 0 1 1 0 1 0 4/8 19:14 3:43 0:34
Tarmo Reunanen 0 0 0 -2 0 3 1 1 0 0 0/0 18:54 3:28 1:52
Teemu Pulkkinen 1 0 1 -1 0 4 4 0 0 1 0/0 19:52 3:48 1:02
Vladimir Tkachev 0 0 0 0 0 0 0 1 1 0 0/0 12:03 0:00 1:16
Xavier Bouchard 0 0 0 0 0 0 1 1 0 0 0/0 14:00 0:00 0:00
Players Stats for Islander
Player Name G A P +/- PIM S H SB GA TA FO MP PP MP PK MP
------------------------------------------------------------------------------------
Alex Belzile 0 0 0 0 2 1 0 0 0 0 0/0 15:27 2:03 0:00
Alexander Yelesin 0 0 0 1 2 1 1 0 0 1 0/0 19:41 0:48 3:00
Austin Watson 0 0 0 -2 0 2 2 0 0 0 2/3 18:48 1:01 0:00
Ben Thomson 1 0 1 0 0 2 1 1 0 0 1/2 18:38 2:00 3:01
Brett Connolly 0 0 0 1 0 1 0 0 0 0 0/0 11:49 0:49 0:00
Filip Zadina 0 0 0 0 0 3 0 0 0 0 0/0 10:34 0:46 0:47
Garret Pilon 0 1 1 0 0 0 2 0 0 0 2/3 9:27 0:12 0:00
Jakub Galvas 0 0 0 1 0 0 2 1 0 0 0/0 14:42 0:44 1:25
Joe Labate 1 1 2 -2 0 6 2 0 0 0 19/31 22:40 1:01 4:06
Jordan Greenway 1 1 2 -2 0 5 0 1 0 1 0/0 23:07 1:01 4:08
Nick Blankenburg 0 1 1 2 0 0 2 1 0 2 0/0 20:18 0:48 2:24
Oliver Kylington 0 1 1 -3 2 1 3 3 0 0 0/0 28:00 2:29 3:31
Pavel Kraskovsky 0 1 1 0 2 1 0 0 1 0 3/7 17:53 2:03 2:28
Rhett Gardner 1 1 2 1 0 1 1 0 0 0 3/4 12:45 0:45 1:22
Ross Colton 1 0 1 0 0 2 0 0 1 0 0/1 9:46 0:08 0:00
Simon Benoit 0 0 0 0 0 0 1 0 1 0 0/0 13:50 0:44 0:49
Slater Koekkoek 0 0 0 -3 0 2 3 4 1 1 0/0 28:28 2:29 4:43
Tyrell Goulbourne 0 1 1 1 0 0 0 0 0 0 0/1 11:07 0:14 0:00
3 Stars
1 - Justin Bailey (Roc)
2 - Rhett Gardner (BRI)
3 - Jonas Brodin (Roc)
Power Play
Americans - 0 on 4 Attempt(s) - 0.00%
Islander - 1 on 3 Attempt(s) - 33.33%
Penalty Kill
Americans - 2 on 3 Attempt(s) - 66.67%
- Score 0 goal in Penalty Kill
Islander - 4 on 4 Attempt(s) - 100.00%
- Score 0 goal in Penalty Kill
Team Stat
Americans - Hits : 19 - Faceoff Wins : 22 - Blocked Shots : 15 - Penalty Minutes : 6
Islander - Hits : 20 - Faceoff Wins : 30 - Blocked Shots : 11 - Penalty Minutes : 8
Official
Referees : Dean Morton and Ghislain Hebert
Linesman : Travis Gawryletz and Travis Toomey
Game Notes
Peyton Jones enters game at 2:49 of 2nd period
11:24 of 2nd period - Islander goal is going for a video replay. After video review, No Goal. The net was displaced accidentally.
Tarmo Reunanen is injured at 14:59 of 3rd period (Right Foot)
Finance
Level 1 -- Attendance: 1821 (91.05%) -- Ticket Income $127,470
Level 2 -- Attendance: 940 (94.00%) -- Ticket Income $37,600
Total Attendance: 2761 (92.03%)
Total Ticket Income: $165,070
Other Income: $8,254
Total Income: $173,324
Americans
5 vs 5 Forward
Center Left Wing Right Wing Time % Phy DF OF
1 Joel Eriksson Ek Justin Bailey Jakub Vrana 40 1 2 2
2 Tanner Richard Teemu Pulkkinen Borna Rendulic 30 1 2 2
3 Ryan Fitzgerald Vladimir Tkachev Richard Nejezchleb 20 1 2 2
4 Nathan Noel Maxim Mamin Daniel Sprong 10 1 2 2
5 vs 5 Defense
Defense Defense Time % Phy DF OF
1 Jonas Brodin Dillon Heatherington 40 1 2 2
2 Matt Grzelcyk Tarmo Reunanen 30 1 2 2
3 Xavier Bouchard Dmitri Semykin 20 1 2 2
4 Jonas Brodin Dillon Heatherington 10 1 2 2
PowerPlay Forward
Center Left Wing Right Wing Time % Phy DF OF
1 Joel Eriksson Ek Justin Bailey Jakub Vrana 60 1 2 2
2 Tanner Richard Teemu Pulkkinen Borna Rendulic 40 1 2 2
PowerPlay Defense
Defense Defense Time % Phy DF OF
1 Jonas Brodin Dillon Heatherington 60 1 2 2
2 Matt Grzelcyk Tarmo Reunanen 40 1 2 2
Penalty Kill 4 Players Forward
Center Wing Time % Phy DF OF
1 Justin Bailey Teemu Pulkkinen 60 1 2 2
2 Tanner Richard Richard Nejezchleb 40 1 2 2
Penalty Kill 4 Players Defense
Defense Defense Time % Phy DF OF
1 Jonas Brodin Dillon Heatherington 60 1 2 2
2 Matt Grzelcyk Tarmo Reunanen 40 1 2 2
Penalty Kill - 3 Players Forward
Forward Time % Phy DF OF
1 Justin Bailey 60 1 2 2
2 Teemu Pulkkinen 40 1 2 2
Penalty Kill - 3 Players Defense
Defense Defense Time % Phy DF OF
1 Jonas Brodin Dillon Heatherington 60 1 2 2
2 Matt Grzelcyk Tarmo Reunanen 40 1 2 2
4 vs 4 Forward
Center Wing Time % Phy DF OF
1 Justin Bailey Teemu Pulkkinen 60 1 2 2
2 Tanner Richard Borna Rendulic 40 1 2 2
4 vs 4 Defense
Defense Defense Time % Phy DF OF
1 Jonas Brodin Dillon Heatherington 60 1 2 2
2 Matt Grzelcyk Tarmo Reunanen 40 1 2 2
Last Minutes Offensive
Center Left Wing Right Wing Defense Defense
Tanner Richard Justin Bailey Richard Nejezchleb Jonas Brodin Dillon Heatherington
Last Minutes Defensive
Center Left Wing Right Wing Defense Defense
Tanner Richard Justin Bailey Richard Nejezchleb Jonas Brodin Dillon Heatherington
Goaltenders
Starting : Connor Hellebyuk
Backup : Peyton Jones
Extra Forwards
Normal : Justin Bailey, Joel Eriksson Ek, Teemu Pulkkinen - PP : Maxim Mamin, Nathan Noel - PK : Nathan Noel
Extra Defensemen
Normal : Xavier Bouchard, Dmitri Semykin, Matt Grzelcyk - PP : Xavier Bouchard - PK : Dmitri Semykin, Matt Grzelcyk
Penalty Shots
Justin Bailey, Teemu Pulkkinen, Tanner Richard, Richard Nejezchleb, Joel Eriksson Ek
Custom OT Lines Forwards
Justin Bailey, Teemu Pulkkinen, Tanner Richard, Daniel Sprong, Joel Eriksson Ek, Ryan Fitzgerald, Vladimir Tkachev, Richard Nejezchleb, Nathan Noel, Maxim Mamin
Custom OT Lines Defensemen
Jonas Brodin, Dillon Heatherington, Matt Grzelcyk, Tarmo Reunanen, Xavier Bouchard
Scratches
Alex Schoenborn (Healthy), Cameron Hughes (Healthy), Spencer Stastney (Left Knee Injury), Brayden Pachal (Healthy), Zachary Senyshyn (Healthy)
John Leonard (Healthy), Joel Teasdale (Healthy), Lauri Pajuniemi (Healthy)
Islander
5 vs 5 Forward
Center Left Wing Right Wing Time % Phy DF OF
1 Joe Labate Jordan Greenway Austin Watson 40 1 2 2
2 Pavel Kraskovsky Ben Thomson Alex Belzile 30 1 2 2
3 Rhett Gardner Tyrell Goulbourne Brett Connolly 20 1 2 2
4 Garret Pilon Filip Zadina Ross Colton 10 1 2 2
5 vs 5 Defense
Defense Defense Time % Phy DF OF
1 Oliver Kylington Slater Koekkoek 40 1 2 2
2 Nick Blankenburg Alexander Yelesin 30 1 2 2
3 Jakub Galvas Simon Benoit 20 1 2 2
4 Oliver Kylington Slater Koekkoek 10 1 2 2
PowerPlay Forward
Center Left Wing Right Wing Time % Phy DF OF
1 Joe Labate Jordan Greenway Austin Watson 60 1 2 2
2 Pavel Kraskovsky Ben Thomson Alex Belzile 40 1 2 2
PowerPlay Defense
Defense Defense Time % Phy DF OF
1 Oliver Kylington Slater Koekkoek 60 1 2 2
2 Nick Blankenburg Alexander Yelesin 40 1 2 2
Penalty Kill 4 Players Forward
Center Wing Time % Phy DF OF
1 Joe Labate Jordan Greenway 60 1 2 2
2 Pavel Kraskovsky Ben Thomson 40 1 2 2
Penalty Kill 4 Players Defense
Defense Defense Time % Phy DF OF
1 Oliver Kylington Slater Koekkoek 60 1 2 2
2 Nick Blankenburg Alexander Yelesin 40 1 2 2
Penalty Kill - 3 Players Forward
Forward Time % Phy DF OF
1 Joe Labate 60 1 2 2
2 Pavel Kraskovsky 40 1 2 2
Penalty Kill - 3 Players Defense
Defense Defense Time % Phy DF OF
1 Oliver Kylington Slater Koekkoek 60 1 2 2
2 Nick Blankenburg Alexander Yelesin 40 1 2 2
4 vs 4 Forward
Center Wing Time % Phy DF OF
1 Joe Labate Jordan Greenway 60 1 2 2
2 Pavel Kraskovsky Ben Thomson 40 1 2 2
4 vs 4 Defense
Defense Defense Time % Phy DF OF
1 Oliver Kylington Slater Koekkoek 60 1 2 2
2 Nick Blankenburg Alexander Yelesin 40 1 2 2
Last Minutes Offensive
Center Left Wing Right Wing Defense Defense
Joe Labate Jordan Greenway Austin Watson Oliver Kylington Slater Koekkoek
Last Minutes Defensive
Center Left Wing Right Wing Defense Defense
Joe Labate Jordan Greenway Austin Watson Oliver Kylington Slater Koekkoek
Goaltenders
Starting : Ivan Fedotov
Backup : Sean Maguire
Extra Forwards
Normal : Joe Labate, Pavel Kraskovsky, Brett Connolly - PP : Joe Labate, Pavel Kraskovsky - PK : Joe Labate
Extra Defensemen
Normal : Alexander Yelesin, Jakub Galvas, Simon Benoit - PP : Alexander Yelesin - PK : Alexander Yelesin, Jakub Galvas
Penalty Shots
Jordan Greenway, Ben Thomson, Austin Watson, Alex Belzile, Joe Labate
Custom OT Lines Forwards
Jordan Greenway, Ben Thomson, Austin Watson, Alex Belzile, Joe Labate, Pavel Kraskovsky, Brett Connolly, Ross Colton, Rhett Gardner, Tyrell Goulbourne
Custom OT Lines Defensemen
Oliver Kylington, Slater Koekkoek, Nick Blankenburg, Alexander Yelesin, Jakub Galvas
Scratches
Connor Dewar (Healthy), Alex Steeves (Healthy), Noah Cates (Healthy), Casey Staum (Healthy), Cole Koepke (Healthy)
Chris Driedger (Healthy)
% Time on Ice - Americans
Lines # - Real PCT - Wanted PCT - Time Play
Normal Forward
1 - 35% - 40% - 16:47
2 - 27% - 30% - 12:49
3 - 23% - 20% - 10:44
4 - 15% - 10% - 7:11
Normal Defense
1 - 39% - 40% - 18:33
2 - 31% - 30% - 14:40
3 - 27% - 20% - 12:48
4 - 3% - 10% - 1:30
PP Forward
1 - 52% - 60% - 4:08
2 - 48% - 40% - 3:48
PP Defense
1 - 56% - 60% - 4:28
2 - 44% - 40% - 3:28
PK Forward
1 - 86% - 60% - 3:27
2 - 14% - 40% - 0:34
PK Defense
1 - 54% - 60% - 2:09
2 - 46% - 40% - 1:52
PK3 Forward
1 - 0% - 60%
2 - 0% - 40%
PK3 Defense
1 - 0% - 60%
2 - 0% - 40%
44 Forward
1 - 0% - 60%
2 - 0% - 40%
44 Defense
1 - 0% - 60%
2 - 0% - 40%
Last Minute Offensive - 0:32
Last Minute Defensive - 0:00
Total
Forward - 60:00
Defense - 60:00
|
% Time on Ice - Islander
Lines # - Real PCT - Wanted PCT - Time Play
Normal Forward
1 - 33% - 40% - 15:25
2 - 25% - 30% - 12:01
3 - 22% - 20% - 10:37
4 - 20% - 10% - 9:15
Normal Defense
1 - 38% - 40% - 18:11
2 - 34% - 30% - 16:10
3 - 24% - 20% - 11:31
4 - 3% - 10% - 1:26
PP Forward
1 - 25% - 60% - 1:01
2 - 75% - 40% - 3:00
PP Defense
1 - 80% - 60% - 3:13
2 - 20% - 40% - 0:48
PK Forward
1 - 77% - 60% - 6:06
2 - 23% - 40% - 1:50
PK Defense
1 - 70% - 60% - 5:32
2 - 30% - 40% - 2:24
PK3 Forward
1 - 0% - 60%
2 - 0% - 40%
PK3 Defense
1 - 0% - 60%
2 - 0% - 40%
44 Forward
1 - 0% - 60%
2 - 0% - 40%
44 Defense
1 - 0% - 60%
2 - 0% - 40%
Last Minute Offensive - 0:00
Last Minute Defensive - 0:45
Total
Forward - 60:00
Defense - 60:00
|
Play-by-Play
1st period
0:01 of 1st period - Joe Labate wins face-off versus Joel Eriksson Ek in neutral zone.
1:22 of 1st period - Slater Koekkoek is hit by Nathan Noel and loses puck.
1:40 of 1st period - Snap shot by Jakub Vrana.
1:40 of 1st period - Deflect By Justin Bailey.
1:40 of 1st period - Stopped by Ivan Fedotov with a rebound.
2:18 of 1st period - Snap shot by Tyrell Goulbourne.
2:18 of 1st period - Deflect By Rhett Gardner.
2:18 of 1st period - Shot Misses the Net.
2:18 of 1st period - Puck is out of play.
2:19 of 1st period - Richard Nejezchleb wins face-off versus Rhett Gardner in Americans zone.
2:52 of 1st period - Snap shot by Ben Thomson.
2:52 of 1st period - Shot Misses the Net.
3:08 of 1st period - Slapshot by Justin Bailey.
3:08 of 1st period - Shot Misses the Net.
3:30 of 1st period - Snap shot by Teemu Pulkkinen.
3:30 of 1st period - Shot Misses the Net.
3:32 of 1st period - Slapshot by Jonas Brodin.
3:32 of 1st period - Stopped by Ivan Fedotov with a rebound.
4:36 of 1st period - Snap shot by Brett Connolly.
4:36 of 1st period - Shot Misses the Net.
5:07 of 1st period - Snap shot by Rhett Gardner.
5:07 of 1st period - Goal by Rhett Gardner - Americans : 0 - Islander : 1.
5:08 of 1st period - Joel Eriksson Ek wins face-off versus Joe Labate in neutral zone.
5:42 of 1st period - Snap shot by Filip Zadina.
5:42 of 1st period - Stopped by Connor Hellebyuk with a rebound.
5:44 of 1st period - Slapshot by Slater Koekkoek.
5:44 of 1st period - Shot Misses the Net.
6:08 of 1st period - Snap shot by Alex Belzile.
6:08 of 1st period - Stopped by Connor Hellebyuk without a rebound.
6:09 of 1st period - Joe Labate wins face-off versus Joel Eriksson Ek in Americans zone.
6:10 of 1st period - Snap shot by Jordan Greenway.
6:10 of 1st period - Deflect By Austin Watson.
6:10 of 1st period - Stopped by Connor Hellebyuk with a rebound.
6:12 of 1st period - Snap shot by Jakub Galvas.
6:12 of 1st period - Shot Blocked by Xavier Bouchard.
6:14 of 1st period - Slapshot by Jordan Greenway.
6:14 of 1st period - Stopped by Connor Hellebyuk without a rebound.
6:15 of 1st period - Joe Labate wins face-off versus Joel Eriksson Ek in Americans zone.
7:09 of 1st period - Ryan Fitzgerald is hit by Simon Benoit and loses puck.
7:50 of 1st period - Backhand shot by Joe Labate.
7:50 of 1st period - Stopped by Connor Hellebyuk without a rebound.
7:51 of 1st period - Joe Labate wins face-off versus Joel Eriksson Ek in Americans zone.
7:54 of 1st period - Slapshot by Jordan Greenway.
7:54 of 1st period - Shot Blocked by Justin Bailey.
7:56 of 1st period - Snap shot by Joe Labate.
7:56 of 1st period - Shot Misses the Net.
7:58 of 1st period - Slapshot by Joe Labate.
7:58 of 1st period - Shot Misses the Net.
8:06 of 1st period - Snap shot by Jordan Greenway.
8:06 of 1st period - Shot Misses the Net.
8:16 of 1st period - Alex Belzile is hit by Teemu Pulkkinen and loses puck.
8:23 of 1st period - Wrist shot by Tanner Richard.
8:23 of 1st period - Shot Blocked by Ben Thomson.
10:03 of 1st period - Ross Colton is hit by Ryan Fitzgerald and loses puck.
10:42 of 1st period - Xavier Bouchard is hit by Ben Thomson and loses puck.
10:55 of 1st period - Rhett Gardner is hit by Tanner Richard and loses puck.
11:13 of 1st period - Tarmo Reunanen is hit by Garret Pilon and loses puck.
12:05 of 1st period - Oliver Kylington is hit by Teemu Pulkkinen and loses puck.
13:30 of 1st period - Minor Penalty to Alexander Yelesin for High sticking.
13:31 of 1st period - Joel Eriksson Ek wins face-off versus Joe Labate in Islander zone.
13:35 of 1st period - Wrist shot by Joel Eriksson Ek.
13:35 of 1st period - Shot Blocked by Oliver Kylington.
14:00 of 1st period - Joe Labate is hit by Borna Rendulic and loses puck.
14:11 of 1st period - Dillon Heatherington is hit by Oliver Kylington and loses puck.
14:16 of 1st period - Wrist shot by Ben Thomson.
14:16 of 1st period - Shot Misses the Net.
14:20 of 1st period - Snap shot by Pavel Kraskovsky.
14:20 of 1st period - Shot Blocked by Dillon Heatherington.
15:30 of 1st period - Penalty to Alexander Yelesin is over, Alexander Yelesin is back on ice.
15:45 of 1st period - Snap shot by Ross Colton.
15:45 of 1st period - Goal by Ross Colton - Americans : 0 - Islander : 2.
15:46 of 1st period - Joel Eriksson Ek wins face-off versus Joe Labate in neutral zone.
17:08 of 1st period - Slapshot by Tyrell Goulbourne.
17:08 of 1st period - Shot Misses the Net.
17:10 of 1st period - Slapshot by Oliver Kylington.
17:10 of 1st period - Deflect By Brett Connolly.
17:10 of 1st period - Shot Misses the Net.
17:10 of 1st period - Puck is out of play.
17:11 of 1st period - Rhett Gardner wins face-off versus Joel Eriksson Ek in Americans zone.
17:45 of 1st period - Wrist shot by Jordan Greenway.
17:45 of 1st period - Stopped by Connor Hellebyuk with a rebound.
17:47 of 1st period - Backhand shot by Joe Labate.
17:47 of 1st period - Stopped by Connor Hellebyuk with a rebound.
17:49 of 1st period - Snap shot by Joe Labate.
17:49 of 1st period - Shot Blocked by Dillon Heatherington.
17:51 of 1st period - Wrist shot by Joe Labate.
17:51 of 1st period - Goal by Joe Labate - Americans : 0 - Islander : 3.
17:52 of 1st period - Joel Eriksson Ek wins face-off versus Joe Labate in neutral zone.
18:05 of 1st period - Wrist shot by Joel Eriksson Ek.
18:05 of 1st period - Shot Blocked by Oliver Kylington.
19:17 of 1st period - Matt Grzelcyk is hit by Alexander Yelesin and loses puck.
19:26 of 1st period - Slapshot by Oliver Kylington.
19:26 of 1st period - Stopped by Connor Hellebyuk without a rebound.
19:27 of 1st period - Joe Labate wins face-off versus Tanner Richard in Americans zone.
19:40 of 1st period - Wrist shot by Teemu Pulkkinen.
19:40 of 1st period - Stopped by Ivan Fedotov without a rebound.
19:41 of 1st period - Joel Eriksson Ek wins face-off versus Joe Labate in Islander zone.
19:46 of 1st period - Wrist shot by Joel Eriksson Ek.
19:46 of 1st period - Stopped by Ivan Fedotov with a rebound.
19:48 of 1st period - Slapshot by Tarmo Reunanen.
19:48 of 1st period - Deflect By Oliver Kylington.
19:48 of 1st period - Stopped by Ivan Fedotov without a rebound.
19:49 of 1st period - Joe Labate wins face-off versus Joel Eriksson Ek in Islander zone.
Goals for this period are 0 for Americans vs 3 for Islander.
Shots for this period are 5 for Americans vs 11 for Islander.
2nd period
0:01 of 2nd period - Joe Labate wins face-off versus Joel Eriksson Ek in neutral zone.
0:04 of 2nd period - Jonas Brodin is hit by Austin Watson and loses puck.
1:31 of 2nd period - Snap shot by Austin Watson.
1:31 of 2nd period - Stopped by Connor Hellebyuk with a rebound.
2:17 of 2nd period - Wrist shot by Vladimir Tkachev.
2:17 of 2nd period - Shot Misses the Net.
2:21 of 2nd period - Snap shot by Ryan Fitzgerald.
2:21 of 2nd period - Deflect By Vladimir Tkachev.
2:21 of 2nd period - Shot Misses the Net.
2:21 of 2nd period - Puck is out of play.
2:22 of 2nd period - Joe Labate wins face-off versus Jakub Vrana in Islander zone.
2:49 of 2nd period - Slapshot by Ben Thomson.
2:49 of 2nd period - Goal by Ben Thomson - Americans : 0 - Islander : 4.
2:49 of 2nd period - Peyton Jones enters game.
2:50 of 2nd period - Joel Eriksson Ek wins face-off versus Joe Labate in neutral zone.
2:53 of 2nd period - Wrist shot by Jakub Vrana.
2:53 of 2nd period - Goal by Jakub Vrana - Americans : 1 - Islander : 4.
2:54 of 2nd period - Joe Labate wins face-off versus Joel Eriksson Ek in neutral zone.
3:13 of 2nd period - Slater Koekkoek is hit by Justin Bailey and loses puck.
3:27 of 2nd period - Minor Penalty to Alex Belzile for High sticking.
3:28 of 2nd period - Joe Labate wins face-off versus Joel Eriksson Ek in Islander zone.
3:40 of 2nd period - Wrist shot by Justin Bailey.
3:40 of 2nd period - Shot Misses the Net.
4:04 of 2nd period - Wrist shot by Tanner Richard.
4:04 of 2nd period - Shot Blocked by Slater Koekkoek.
5:27 of 2nd period - Penalty to Alex Belzile is over, Alex Belzile is back on ice.
5:43 of 2nd period - Snap shot by Brett Connolly.
5:43 of 2nd period - Shot Misses the Net.
6:04 of 2nd period - Ross Colton is hit by Xavier Bouchard and loses puck.
7:37 of 2nd period - Icing by Filip Zadina.
7:38 of 2nd period - Garret Pilon wins face-off versus Tanner Richard in Islander zone.
7:57 of 2nd period - Minor Penalty to Borna Rendulic for Cross-checking.
7:58 of 2nd period - Joe Labate wins face-off versus Justin Bailey in Americans zone.
9:33 of 2nd period - Jonas Brodin is hit by Slater Koekkoek.
9:57 of 2nd period - Penalty to Borna Rendulic is over, Borna Rendulic is back on ice.
10:05 of 2nd period - Matt Grzelcyk is hit by Nick Blankenburg and loses puck.
10:10 of 2nd period - Snap shot by Tyrell Goulbourne.
10:10 of 2nd period - Shot Misses the Net.
10:46 of 2nd period - Slater Koekkoek is hit by Jakub Vrana and loses puck.
11:12 of 2nd period - Snap shot by Garret Pilon.
11:12 of 2nd period - Shot Blocked by Dillon Heatherington.
11:14 of 2nd period - Slapshot by Slater Koekkoek.
11:14 of 2nd period - Stopped by Peyton Jones with a rebound.
11:22 of 2nd period - Snap shot by Filip Zadina.
11:22 of 2nd period - Shot Blocked by Jonas Brodin.
11:24 of 2nd period - Backhand shot by Ross Colton.
11:24 of 2nd period - Islander goal is going for a video replay.
11:24 of 2nd period - The goal is refused. The net was displaced accidentally..
11:25 of 2nd period - Tanner Richard wins face-off versus Austin Watson in Americans zone.
11:25 of 2nd period - Tanner Richard is hit by Joe Labate.
11:34 of 2nd period - Off-side.
11:35 of 2nd period - Joe Labate wins face-off versus Tanner Richard in neutral zone.
12:06 of 2nd period - Wrist shot by Jordan Greenway.
12:06 of 2nd period - Shot Misses the Net.
12:08 of 2nd period - Slapshot by Joe Labate.
12:08 of 2nd period - Shot Blocked by Dmitri Semykin.
12:10 of 2nd period - Snap shot by Joe Labate.
12:10 of 2nd period - Stopped by Peyton Jones with a rebound.
12:16 of 2nd period - Snap shot by Austin Watson.
12:16 of 2nd period - Shot Misses the Net.
12:40 of 2nd period - Snap shot by Joe Labate.
12:40 of 2nd period - Shot Misses the Net.
12:42 of 2nd period - Wrist shot by Joe Labate.
12:42 of 2nd period - Stopped by Peyton Jones with a rebound.
13:27 of 2nd period - Slapshot by Joe Labate.
13:27 of 2nd period - Deflect By Jordan Greenway.
13:27 of 2nd period - Stopped by Peyton Jones with a rebound.
13:29 of 2nd period - Slapshot by Nick Blankenburg.
13:29 of 2nd period - Shot Misses the Net.
13:31 of 2nd period - Snap shot by Joe Labate.
13:31 of 2nd period - Stopped by Peyton Jones with a rebound.
14:06 of 2nd period - Slapshot by Nick Blankenburg.
14:06 of 2nd period - Shot Misses the Net.
14:08 of 2nd period - Snap shot by Alexander Yelesin.
14:08 of 2nd period - Deflect By Borna Rendulic.
14:08 of 2nd period - Stopped by Peyton Jones with a rebound.
14:10 of 2nd period - Snap shot by Joe Labate.
14:10 of 2nd period - Deflect By Tanner Richard.
14:10 of 2nd period - Shot Misses the Net.
14:10 of 2nd period - Puck is out of play.
14:11 of 2nd period - Joel Eriksson Ek wins face-off versus Pavel Kraskovsky in Americans zone.
14:16 of 2nd period - Backhand shot by Jonas Brodin.
14:16 of 2nd period - Shot Misses the Net.
14:21 of 2nd period - Minor Penalty to Joel Eriksson Ek for Hooking.
14:22 of 2nd period - Pavel Kraskovsky wins face-off versus Justin Bailey in Americans zone.
14:30 of 2nd period - Wrist shot by Justin Bailey.
14:30 of 2nd period - Shot Blocked by Slater Koekkoek.
15:21 of 2nd period - Brett Connolly is hit by Nathan Noel and loses puck.
15:40 of 2nd period - Simon Benoit is hit by Matt Grzelcyk and loses puck.
16:21 of 2nd period - Penalty to Joel Eriksson Ek is over, Joel Eriksson Ek is back on ice.
16:36 of 2nd period - Wrist shot by Jakub Vrana.
16:36 of 2nd period - Stopped by Ivan Fedotov without a rebound.
16:37 of 2nd period - Ryan Fitzgerald wins face-off versus Garret Pilon in Islander zone.
16:38 of 2nd period - Wrist shot by Vladimir Tkachev.
16:38 of 2nd period - Shot Misses the Net.
16:48 of 2nd period - Ross Colton is hit by Tarmo Reunanen and loses puck.
17:01 of 2nd period - Nick Blankenburg is hit by Justin Bailey and loses puck.
17:45 of 2nd period - Dillon Heatherington is hit by Oliver Kylington and loses puck.
18:02 of 2nd period - Slapshot by Jonas Brodin.
18:02 of 2nd period - Deflect By Jakub Vrana.
18:02 of 2nd period - Stopped by Ivan Fedotov with a rebound.
18:22 of 2nd period - Ryan Fitzgerald is hit by Garret Pilon and loses puck.
18:33 of 2nd period - Justin Bailey is hit by Jakub Galvas and loses puck.
18:58 of 2nd period - Jakub Vrana is hit by Austin Watson and loses puck.
Goals for this period are 1 for Americans vs 1 for Islander.
Shots for this period are 3 for Americans vs 9 for Islander.
3rd period
0:01 of 3rd period - Justin Bailey wins face-off versus Pavel Kraskovsky in neutral zone.
0:52 of 3rd period - Wrist shot by Brett Connolly.
0:52 of 3rd period - Stopped by Peyton Jones with a rebound.
0:54 of 3rd period - Wrist shot by Tyrell Goulbourne.
0:54 of 3rd period - Shot Blocked by Matt Grzelcyk.
1:30 of 3rd period - Snap shot by Justin Bailey.
1:30 of 3rd period - Shot Misses the Net.
1:50 of 3rd period - Snap shot by Jordan Greenway.
1:50 of 3rd period - Stopped by Peyton Jones with a rebound.
1:55 of 3rd period - Off-side.
1:56 of 3rd period - Joel Eriksson Ek wins face-off versus Joe Labate in neutral zone.
1:59 of 3rd period - Snap shot by Jonas Brodin.
1:59 of 3rd period - Stopped by Ivan Fedotov with a rebound.
2:01 of 3rd period - Wrist shot by Justin Bailey.
2:01 of 3rd period - Goal by Justin Bailey - Americans : 2 - Islander : 4.
2:02 of 3rd period - Pavel Kraskovsky wins face-off versus Joel Eriksson Ek in neutral zone.
2:11 of 3rd period - Slapshot by Ben Thomson.
2:11 of 3rd period - Shot Misses the Net.
2:33 of 3rd period - Minor Penalty to Oliver Kylington for Slashing.
2:34 of 3rd period - Joel Eriksson Ek wins face-off versus Joe Labate in Islander zone.
2:37 of 3rd period - Backhand shot by Jakub Vrana.
2:37 of 3rd period - Shot Misses the Net.
2:39 of 3rd period - Slapshot by Dillon Heatherington.
2:39 of 3rd period - Shot Misses the Net.
4:33 of 3rd period - Penalty to Oliver Kylington is over, Oliver Kylington is back on ice.
4:39 of 3rd period - Nick Blankenburg is hit by Matt Grzelcyk and loses puck.
4:46 of 3rd period - Wrist shot by Richard Nejezchleb.
4:46 of 3rd period - Shot Misses the Net.
4:48 of 3rd period - Wrist shot by Ryan Fitzgerald.
4:48 of 3rd period - Stopped by Ivan Fedotov without a rebound.
4:49 of 3rd period - Garret Pilon wins face-off versus Ryan Fitzgerald in Islander zone.
5:00 of 3rd period - Snap shot by Ryan Fitzgerald.
5:00 of 3rd period - Shot Misses the Net.
5:02 of 3rd period - Slapshot by Jonas Brodin.
5:02 of 3rd period - Deflect By Ryan Fitzgerald.
5:02 of 3rd period - Deflect By Garret Pilon.
5:02 of 3rd period - Stopped by Ivan Fedotov with a rebound.
5:04 of 3rd period - Slapshot by Jonas Brodin.
5:04 of 3rd period - Deflect By Ryan Fitzgerald.
5:04 of 3rd period - Goal by Ryan Fitzgerald - Americans : 3 - Islander : 4.
5:05 of 3rd period - Joe Labate wins face-off versus Joel Eriksson Ek in neutral zone.
5:15 of 3rd period - Minor Penalty to Jakub Vrana for Boarding.
5:16 of 3rd period - Joe Labate wins face-off versus Justin Bailey in Americans zone.
5:18 of 3rd period - Snap shot by Jordan Greenway.
5:18 of 3rd period - Goal by Jordan Greenway - Americans : 3 - Islander : 5.
5:19 of 3rd period - Joe Labate wins face-off versus Joel Eriksson Ek in neutral zone.
5:24 of 3rd period - Snap shot by Jakub Vrana.
5:24 of 3rd period - Shot Misses the Net.
5:26 of 3rd period - Snap shot by Justin Bailey.
5:26 of 3rd period - Stopped by Ivan Fedotov without a rebound.
5:27 of 3rd period - Joel Eriksson Ek wins face-off versus Joe Labate in Islander zone.
5:28 of 3rd period - Snap shot by Jakub Vrana.
5:28 of 3rd period - Shot Misses the Net.
5:30 of 3rd period - Slapshot by Dillon Heatherington.
5:30 of 3rd period - Stopped by Ivan Fedotov with a rebound.
5:32 of 3rd period - Snap shot by Justin Bailey.
5:32 of 3rd period - Deflect By Joel Eriksson Ek.
5:32 of 3rd period - Shot Blocked by Oliver Kylington.
5:32 of 3rd period - Puck is out of play.
5:33 of 3rd period - Jakub Vrana wins face-off versus Pavel Kraskovsky in Islander zone.
5:38 of 3rd period - Snap shot by Joel Eriksson Ek.
5:38 of 3rd period - Stopped by Ivan Fedotov without a rebound.
5:39 of 3rd period - Pavel Kraskovsky wins face-off versus Joel Eriksson Ek in Islander zone.
5:46 of 3rd period - Snap shot by Justin Bailey.
5:46 of 3rd period - Shot Hit the Post.
6:21 of 3rd period - Ben Thomson is hit by Joel Eriksson Ek and loses puck.
6:26 of 3rd period - Wrist shot by Justin Bailey.
6:26 of 3rd period - Shot Misses the Net.
6:36 of 3rd period - Jonas Brodin is hit by Slater Koekkoek and loses puck.
6:50 of 3rd period - Minor Penalty to Pavel Kraskovsky for Hooking.
6:51 of 3rd period - Tanner Richard wins face-off versus Joe Labate in Islander zone.
6:51 of 3rd period - Slapshot by Matt Grzelcyk.
6:51 of 3rd period - Stopped by Ivan Fedotov without a rebound.
6:52 of 3rd period - Joe Labate wins face-off versus Tanner Richard in Islander zone.
7:19 of 3rd period - Slapshot by Matt Grzelcyk.
7:19 of 3rd period - Deflect By Nick Blankenburg.
7:19 of 3rd period - Stopped by Ivan Fedotov with a rebound.
7:21 of 3rd period - Snap shot by Tarmo Reunanen.
7:21 of 3rd period - Stopped by Ivan Fedotov with a rebound.
7:23 of 3rd period - Snap shot by Matt Grzelcyk.
7:23 of 3rd period - Shot Blocked by Nick Blankenburg.
7:25 of 3rd period - Slapshot by Tarmo Reunanen.
7:25 of 3rd period - Stopped by Ivan Fedotov with a rebound.
7:27 of 3rd period - Snap shot by Borna Rendulic.
7:27 of 3rd period - Deflect By Teemu Pulkkinen.
7:27 of 3rd period - Shot Misses the Net.
7:27 of 3rd period - Puck is out of play.
7:28 of 3rd period - Joel Eriksson Ek wins face-off versus Joe Labate in Islander zone.
7:33 of 3rd period - Wrist shot by Justin Bailey.
7:33 of 3rd period - Shot Blocked by Slater Koekkoek.
7:35 of 3rd period - Slapshot by Jonas Brodin.
7:35 of 3rd period - Stopped by Ivan Fedotov with a rebound.
7:37 of 3rd period - Slapshot by Jonas Brodin.
7:37 of 3rd period - Shot Misses the Net.
7:39 of 3rd period - Slapshot by Jonas Brodin.
7:39 of 3rd period - Shot Blocked by Slater Koekkoek.
7:41 of 3rd period - Wrist shot by Justin Bailey.
7:41 of 3rd period - Stopped by Ivan Fedotov with a rebound.
7:51 of 3rd period - Snap shot by Joe Labate.
7:51 of 3rd period - Deflect By Ben Thomson.
7:51 of 3rd period - Stopped by Peyton Jones without a rebound.
7:52 of 3rd period - Rhett Gardner wins face-off versus Joel Eriksson Ek in Americans zone.
8:50 of 3rd period - Penalty to Pavel Kraskovsky is over, Pavel Kraskovsky is back on ice.
8:57 of 3rd period - Snap shot by Pavel Kraskovsky.
8:57 of 3rd period - Shot Misses the Net.
8:59 of 3rd period - Snap shot by Slater Koekkoek.
8:59 of 3rd period - Stopped by Peyton Jones with a rebound.
9:01 of 3rd period - Wrist shot by Pavel Kraskovsky.
9:01 of 3rd period - Shot Hit the Post.
9:07 of 3rd period - Snap shot by Ben Thomson.
9:07 of 3rd period - Shot Misses the Net.
9:25 of 3rd period - Snap shot by Filip Zadina.
9:25 of 3rd period - Shot Blocked by Nathan Noel.
9:27 of 3rd period - Snap shot by Filip Zadina.
9:27 of 3rd period - Stopped by Peyton Jones with a rebound.
9:29 of 3rd period - Wrist shot by Slater Koekkoek.
9:29 of 3rd period - Shot Misses the Net.
9:31 of 3rd period - Snap shot by Garret Pilon.
9:31 of 3rd period - Deflect By Filip Zadina.
9:31 of 3rd period - Stopped by Peyton Jones with a rebound.
10:18 of 3rd period - Snap shot by Richard Nejezchleb.
10:18 of 3rd period - Stopped by Ivan Fedotov with a rebound.
10:20 of 3rd period - Backhand shot by Richard Nejezchleb.
10:20 of 3rd period - Stopped by Ivan Fedotov without a rebound.
10:21 of 3rd period - Rhett Gardner wins face-off versus Ryan Fitzgerald in Islander zone.
10:34 of 3rd period - Slapshot by Dillon Heatherington.
10:34 of 3rd period - Shot Misses the Net.
10:40 of 3rd period - Snap shot by Richard Nejezchleb.
10:40 of 3rd period - Shot Misses the Net.
10:42 of 3rd period - Snap shot by Ryan Fitzgerald.
10:42 of 3rd period - Shot Misses the Net.
10:44 of 3rd period - Slapshot by Matt Grzelcyk.
10:44 of 3rd period - Stopped by Ivan Fedotov without a rebound.
10:45 of 3rd period - Joel Eriksson Ek wins face-off versus Joe Labate in Islander zone.
10:46 of 3rd period - Slapshot by Matt Grzelcyk.
10:46 of 3rd period - Stopped by Ivan Fedotov without a rebound.
10:47 of 3rd period - Joe Labate wins face-off versus Joel Eriksson Ek in Islander zone.
11:21 of 3rd period - Backhand shot by Alex Belzile.
11:21 of 3rd period - Shot Misses the Net.
11:23 of 3rd period - Snap shot by Pavel Kraskovsky.
11:23 of 3rd period - Stopped by Peyton Jones with a rebound.
12:31 of 3rd period - Xavier Bouchard is hit by Nick Blankenburg and loses puck.
14:16 of 3rd period - Oliver Kylington is hit by Joel Eriksson Ek and loses puck.
14:41 of 3rd period - Slapshot by Ben Thomson.
14:41 of 3rd period - Shot Blocked by Vladimir Tkachev.
14:57 of 3rd period - Wrist shot by Joe Labate.
14:57 of 3rd period - Shot Blocked by Matt Grzelcyk.
14:59 of 3rd period - Snap shot by Joe Labate.
14:59 of 3rd period - Shot Blocked by Tarmo Reunanen.
14:59 of 3rd period - Tarmo Reunanen from Americans is injured at 14:59 of 3rd period (Right Foot).
15:00 of 3rd period - Joe Labate wins face-off versus Joel Eriksson Ek in Americans zone.
15:35 of 3rd period - Snap shot by Rhett Gardner.
15:35 of 3rd period - Shot Misses the Net.
15:49 of 3rd period - Wrist shot by Teemu Pulkkinen.
15:49 of 3rd period - Stopped by Ivan Fedotov with a rebound.
16:04 of 3rd period - Off-side.
16:05 of 3rd period - Joe Labate wins face-off versus Joel Eriksson Ek in neutral zone.
16:08 of 3rd period - Joel Eriksson Ek is hit by Jakub Galvas and loses puck.
16:21 of 3rd period - Backhand shot by Jakub Vrana.
16:21 of 3rd period - Stopped by Ivan Fedotov with a rebound.
16:31 of 3rd period - Xavier Bouchard is hit by Rhett Gardner and loses puck.
16:54 of 3rd period - Slapshot by Teemu Pulkkinen.
16:54 of 3rd period - Stopped by Ivan Fedotov without a rebound.
16:55 of 3rd period - Tanner Richard wins face-off versus Pavel Kraskovsky in Islander zone.
16:56 of 3rd period - Snap shot by Teemu Pulkkinen.
16:56 of 3rd period - Goal by Teemu Pulkkinen - Americans : 4 - Islander : 5.
16:57 of 3rd period - Ryan Fitzgerald wins face-off versus Tyrell Goulbourne in neutral zone.
17:08 of 3rd period - Jonas Brodin is hit by Oliver Kylington and loses puck.
17:57 of 3rd period - Snap shot by Ben Thomson.
17:57 of 3rd period - Shot Blocked by Borna Rendulic.
17:59 of 3rd period - Slapshot by Pavel Kraskovsky.
17:59 of 3rd period - Shot Misses the Net.
18:36 of 3rd period - Wrist shot by Ryan Fitzgerald.
18:36 of 3rd period - Shot Misses the Net.
18:38 of 3rd period - Snap shot by Vladimir Tkachev.
18:38 of 3rd period - Shot Blocked by Jakub Galvas.
18:48 of 3rd period - Wrist shot by Jordan Greenway.
18:48 of 3rd period - Shot Blocked by Joel Eriksson Ek.
18:54 of 3rd period - Americans, Peyton Jones is pulled from the net.
18:54 of 3rd period - Snap shot by Justin Bailey.
18:54 of 3rd period - Shot Blocked by Jordan Greenway.
19:29 of 3rd period - Wrist shot by Tanner Richard.
19:29 of 3rd period - Goal by Tanner Richard - Americans : 5 - Islander : 5.
19:29 of 3rd period - Peyton Jones from Americans was sent back in the game.
19:30 of 3rd period - Austin Watson wins face-off versus Joel Eriksson Ek in neutral zone.
19:53 of 3rd period - Slapshot by Oliver Kylington.
19:53 of 3rd period - Shot Misses the Net.
Goals for this period are 4 for Americans vs 1 for Islander.
Shots for this period are 23 for Americans vs 8 for Islander.
Overtime #1
0:01 of 1st overtime period - Justin Bailey wins face-off versus Ben Thomson in neutral zone.
0:06 of 1st overtime period - Slapshot by Justin Bailey.
0:06 of 1st overtime period - Stopped by Ivan Fedotov with a rebound.
0:50 of 1st overtime period - Ben Thomson is hit by Teemu Pulkkinen and loses puck.
1:16 of 1st overtime period - Joel Eriksson Ek is hit by Joe Labate and loses puck.
1:46 of 1st overtime period - Off-side.
1:47 of 1st overtime period - Austin Watson wins face-off versus Ryan Fitzgerald in neutral zone.
2:12 of 1st overtime period - Ben Thomson is hit by Jonas Brodin and loses puck.
2:36 of 1st overtime period - Icing by Jordan Greenway.
2:37 of 1st overtime period - Ben Thomson wins face-off versus Justin Bailey in Islander zone.
2:58 of 1st overtime period - Snap shot by Alex Belzile.
2:58 of 1st overtime period - Shot Blocked by Justin Bailey.
3:36 of 1st overtime period - Alex Belzile is hit by Teemu Pulkkinen and loses puck.
4:01 of 1st overtime period - Joel Eriksson Ek is hit by Slater Koekkoek.
4:09 of 1st overtime period - Snap shot by Jonas Brodin.
4:09 of 1st overtime period - Shot Misses the Net.
4:57 of 1st overtime period - Icing by Nick Blankenburg.
4:58 of 1st overtime period - Tanner Richard wins face-off versus Ross Colton in Islander zone.
Goals for this period are 0 for Americans vs 0 for Islander.
Shots for this period are 1 for Americans vs 0 for Islander.
ShootOut
5:00 of 1st overtime period - Round #1.
5:00 of 1st overtime period - Americans, Justin Bailey.
5:00 of 1st overtime period - Wrist shot by Justin Bailey.
5:00 of 1st overtime period - Stopped by Ivan Fedotov.
5:00 of 1st overtime period - Islander, Jordan Greenway.
5:00 of 1st overtime period - Deke by Jordan Greenway.
5:00 of 1st overtime period - Stopped by Peyton Jones.
5:00 of 1st overtime period - Round #2.
5:00 of 1st overtime period - Americans, Teemu Pulkkinen.
5:00 of 1st overtime period - Backhand shot by Teemu Pulkkinen.
5:00 of 1st overtime period - Shot Misses the Net.
5:00 of 1st overtime period - Islander, Ben Thomson.
5:00 of 1st overtime period - Deke by Ben Thomson.
5:00 of 1st overtime period - Goal by Ben Thomson.
5:00 of 1st overtime period - Round #3.
5:00 of 1st overtime period - Americans, Tanner Richard.
5:00 of 1st overtime period - Wrist shot by Tanner Richard.
5:00 of 1st overtime period - Stopped by Ivan Fedotov.